 Dungeon Crawl Stone Soup version 0.30-a0-743-gbfdf073431 (webtiles) character file.

Game seed: 7686073298714681559

102 ragingrage the Shooter (level 4, 0/33 HPs)
             Began as a Mummy Hunter on Feb 7, 2023.
             Slain by an orc
             ... wielding a +3 whip of venom
              (6 damage)
             ... on level 2 of the Dungeon.
             The game lasted 00:01:41 (1709 turns).

ragingrage the Shooter (Mummy Hunter)               Turns: 1709, Time: 00:01:42

Health: 0/33       AC:  3    Str: 14    XL:     4   Next: 50%
Magic:  4/4        EV: 11    Int:  8    God:
Gold:   81         SH:  0    Dex: 17    Spells: 3/3 levels left

rFire   x . .      SeeInvis .    a - +0 shortbow
rCold   + . .      Faith    +    (shield currently unavailable)
rNeg    + + +      Spirit   .    c - +0 leather armour
rPois   ∞          Reflect  .    (no helmet)
rElec   .          Harm     .    (no cloak)
rCorr   .          Rampage  .    (no gloves)
Will    .....                    (no boots)
Stlth   ++                       h - amulet of the acrobat
HPRegen 0.25/turn                (no ring)
MPRegen 0.09/turn                (no ring)

@: no status effects
A: cold resistance 1, negative energy resistance 3, torment resistance 2, heat
vulnerability 1, in touch with death 1, no potions, faith
a: no special abilities


You were on level 2 of the Dungeon.
You visited 1 branch of the dungeon, and saw 3 of its levels.

You collected 81 gold pieces.

Inventory:

Hand Weapons
 a - a +0 shortbow (weapon)
Missiles
 k - 5 poisoned darts
Armour
 c - a +0 leather armour (worn)
Jewellery
 h - an amulet of the acrobat (around neck)
 l - an amulet of regeneration
 m - a +5 ring of evasion
 n - an amulet of magic regeneration
Scrolls
 b - a scroll of immolation
 d - 2 scrolls of fear {unknown}
 e - a scroll of amnesia {unknown}
 f - a scroll of teleportation {unknown}
 g - a scroll of identify {unknown}
 i - a scroll of torment {unknown}
 j - a scroll of fog {unknown}


   Skills:
 - Level 2.0 Fighting
 + Level 4.6 Ranged Weapons
 - Level 1.5 Dodging
 - Level 2.0 Stealth


You had 3 spell levels left.
You didn't know any spells.
Your spell library contained the following spells:

 Spells                   Type           Power      Damage    Failure   Level
 Summon Small Mammal      Summ           0%         N/A       50%         1
 Call Canine Familiar     Summ           0%         N/A       86%         3
 Summon Guardian Golem    Hex/Summ       0%         N/A       86%         3


Dungeon Overview and Level Annotations

Branches:
Dungeon (3/15)

Altars:

Shops:
D:1 (


Innate Abilities, Weirdness & Mutations

You are immune to poison.
Your flesh is cold resistant. (rC+)
You are immune to negative energy. (rN+++)
You are immune to unholy pain and torment.
You are vulnerable to heat. (rF-)
You are in touch with the powers of death.
You do not drink.
You have a special connection with the divine. (Faith)


Message History

Press: ? - help, Q - select action, (/) - cycle Shift-Dir - straight line, f/p - goblin
Aim: a goblin, wielding a +0 dagger (moderately wounded, 56% to hit)
You shoot an arrow. The arrow barely misses the goblin.
The goblin hits you but does no damage.
The orc hits you with a +3 whip of venom.
The goblin hits you but does no damage.
The orc hits you with a +3 whip of venom.
Fire: a) +0 shortbow
Press: ? - help, Q - select action, (/) - cycle Shift-Dir - straight line, f/p - goblin
Aim: a goblin, wielding a +0 dagger (moderately wounded, 56% to hit)
You shoot an arrow. The arrow hits the goblin!
You kill the goblin!
The orc hits you with a +3 whip of venom.
Fire: a) +0 shortbow
Press: ? - help, Q - select action, (/) - cycle Shift-Dir - straight line, f - orc
Aim: an orc, wielding a +3 whip of venom and wearing a +0 chain mail (70% to hit)
You shoot an arrow.
The arrow hits the orc but does no damage.
The orc hits you with a +3 whip of venom.
Fire: a) +0 shortbow
Press: ? - help, Q - select action, (/) - cycle Shift-Dir - straight line, f/p - orc
Aim: an orc, wielding a +3 whip of venom and wearing a +0 chain mail (70% to hit)
You shoot an arrow. The arrow completely misses the orc.
The orc misses you.
The orc hits you with a +3 whip of venom.
Fire: a) +0 shortbow
Press: ? - help, Q - select action, (/) - cycle Shift-Dir - straight line, f/p - orc
Aim: an orc, wielding a +3 whip of venom and wearing a +0 chain mail (70% to hit)
You shoot an arrow. The arrow hits the orc.
The orc is severely wounded.
The orc hits you with a +3 whip of venom.
* * * LOW HITPOINT WARNING * * *
Fire: a) +0 shortbow
Press: ? - help, Q - select action, (/) - cycle Shift-Dir - straight line, f/p - orc
Aim: an orc, wielding a +3 whip of venom and wearing a +0 chain mail (severely wounded, 70% to hit)
You shoot an arrow.
The arrow hits the orc but does no damage.
The orc is severely wounded.
The orc hits you with a +3 whip of venom.
You die...

#.#.####.#<# #.##.# #.#.#.#
#.#......#[###.##.#########.#.#.#
#..............##'##......).#.#.#
##########.........#.########.#.#
...o.....'.........#.##.......#.#
##########.........#.##.#######.#
#.........#.##.# #.#
#.......).#....# #.#
##########......@..###### #.#
........##.....o...############.#
........##.........##†..........#
........#############.###########
........# #.##......... ........#
#....######## ........# ######
........# ##### ........# #...#
#######


You could see an orc.

Vanquished Creatures
  An orc wizard (D:2)
  An adder (D:2)
  A worm (D:2)
  4 dart slugs
  4 orcs (D:3)
  4 bats
  3 endoplasms
  A giant cockroach (D:2)
  6 goblins
  4 hobgoblins
  3 jackals (D:2)
  3 quokkas
  4 ball pythons
  3 frilled lizards
  6 kobolds
  4 rats
52 creatures vanquished.

Notes
Turn   | Place    | Note
-------+----------+-------------------------------------------
     0 | D:1      | ragingrage the Mummy Hunter began the quest for the Orb.
     0 | D:1      | Reached XP level 1. HP: 16/16 MP: 1/1
     7 | D:1      | Reached skill level 1 in Stealth
    49 | D:1      | Reached XP level 2. HP: 20/22 MP: 2/2
   278 | D:1      | Found Dekhliq's Weapon Shoppe.
   354 | D:1      | Gained mutation: You are in touch with the powers of death.
                  | [Mummy growth]
   354 | D:1      | Reached XP level 3. HP: 25/27 MP: 3/3
  1048 | D:2      | Reached skill level 4 in Ranged Weapons
  1377 | D:2      | Reached XP level 4. HP: 33/33 MP: 4/4
  1709 | D:2      | Slain by an orc

Illustrated notes

Levels and vault maps discovered:
D:1:      minmay_arrival_plants_in_alcoves, layout_rooms, serial_shops,
          nicolae_diamond_shop
D:2:      layout_basic
D:3:      layout_rooms, nicolae_sif_muna_little_library,
          hellmonk_ecumenical_altar_defaced_shrine, serial_park_tiny_2

Skill      XL: |  1  2  3 |
---------------+----------+-----
Stealth        | 1 2 |  2.0
Ranged Weapons | 4 |  4.6
Fighting       | |  2.0
Dodging        | |  1.5

Action                     |  1- 3 |  4- 6 || total
---------------------------+-------+-------++-------
   Fire: Shortbow          |   143 |    26 ||   169
 Armour: Leather armour    |    17 |     8 ||    25
  Dodge: Dodged            |    46 |    22 ||    68

Table legend: (Time is in decaauts)
 A = Elapsed time spent in this place.
 B = Non-inter-level travel time spent in this place.
 C = Inter-level travel time spent in this place.
 D = Time resting spent in this place.
 E = Time spent auto-exploring this place.
 F = Levels seen in this place.
 G = Mean time per level.
                   A        B        C        D        E       F      G
               +--------+--------+--------+--------+--------+-----+--------+
         Total |   1769 |   1685 |     84 |    104 |   1214 |   3 |  589.7 |
       Dungeon |   1769 |   1685 |     84 |    104 |   1214 |   3 |  589.7 |
               +--------+--------+--------+--------+--------+-----+--------+

Top non-repeatable levels by time:
     D:2: 1112 daAuts
     D:1: 618 daAuts
     D:3: 38 daAuts
